 Dungeon Crawl Stone Soup version 0.27-a0-1591-gc56fcc985a (webtiles) character file.

Game seed: 3912087441499114149

4392 Majang the Spear-Bearer (level 10, -9/77 HPs)
             Began as a Merfolk Gladiator on July 19, 2021.
             Was an Elder of Okawaru.
             Mangled by an orc warrior (14 damage)
             ... in a bailey.
             The game lasted 00:33:36 (6908 turns).

Majang the Spear-Bearer (Merfolk Gladiator)         Turns: 6908, Time: 00:33:36

Health: -9/77      AC: 29    Str: 22    XL:     10   Next: 35%
Magic:  12/13      EV: 16    Int:  8    God:    Okawaru [****..]
Gold:   321        SH:  0    Dex: 26    Spells: 9/9 levels left

rFire    . . .     SeeInvis .   b - +2 halberd (protect)
rCold    . . .     Faith    .   (shield currently unavailable)
rNeg     . . .     Spirit   .   B - +1 plate armour
rPois    .         Reflect  .   c - +2 helmet
rElec    .         Harm     .   p - +2 cloak
rCorr    .         Rampage  .   (no gloves)
Will     +....                  (no boots)
Stlth    ..........             k - amulet "Kinaik" {Regen+ Str+5 Dex+4}
HPRegen  1.22/turn              h - +6 ring of dexterity
MPRegen  0.13/turn              o - ring of willpower

@: heroic, under a protective aura
A: (nimble swimmer 2), mertail
a: Renounce Religion, Heroism


You were in a bailey.
You worshipped Okawaru.
Okawaru was greatly pleased with you.
You visited 2 branches of the dungeon, and saw 9 of its levels.
You also visited: Bailey.

You collected 370 gold pieces.
You spent 49 gold pieces at shops.

Inventory:

Hand Weapons
 a - a +2 trident of freezing
 b - a +2 halberd of protection (weapon)
Missiles
 d - 2 throwing nets
 m - 3 silver javelins
 n - 17 boomerangs (quivered)
 q - 31 poisoned darts
 A - 2 datura-tipped darts
Armour
 c - a +2 helmet (worn)
 l - a +0 chain mail
 p - a +2 cloak (worn)
 B - a +1 plate armour (worn)
Jewellery
 h - a +6 ring of dexterity (left hand)
 k - the amulet "Kinaik" (around neck) {Regen+ Str+5 Dex+4}
   (You acquired it on level 4 of the Dungeon)

   [amulet of regeneration]

   Str:       It affects your strength (+5).
   Dex:       It affects your dexterity (+4).
   Regen:     It increases your rate of health regeneration.
 o - a ring of willpower (right hand)
 y - a ring of see invisible
 z - a ring of fire
Wands
 s - a wand of flame (16)
 C - a wand of paralysis (8)
Scrolls
 f - 2 scrolls of teleportation
 g - a scroll of blinking
 w - 4 scrolls of identify
Potions
 e - 2 potions of heal wounds {unknown}
 i - 2 potions of lignification
 j - a potion of brilliance {unknown}
 r - 3 potions of curing
 t - a potion of flight {unknown}
 u - a potion of cancellation
 v - a potion of mutation {unknown}
 x - 2 potions of attraction {unknown}
Miscellaneous
 D - a tin of tremorstones (1/2)
 E - a lightning rod (4/4)


   Skills:
 + Level 6.6(11.6) Fighting
 * Level 12.2(17.2) Polearms
 + Level 6.0(11.0) Throwing
 + Level 4.2(9.2) Armour
 + Level 8.5(13.5) Dodging
 + Level 4.3 Invocations


You had 9 spell levels left.
You didn't know any spells.
Your spell library contained the following spells:

 Spells                   Type           Power      Damage    Failure   Level
 Apportation              Tloc           0%         N/A       99%         1
 Gell's Gravitas          Tloc           0%         N/A       100%        3
 Lesser Beckoning         Tloc           0%         N/A       100%        3
 Teleport Other           Tloc           0%         N/A       100%        3
 Hailstorm                Conj/Ice       0%         3d3       100%        4
 Ice Form                 Ice/Tmut       0%         N/A       100%        4
 Alistair's Intoxication  Tmut/Pois      0%         N/A       100%        5
 Invisibility             Hex            0%         N/A       100%        6
 Simulacrum               Ice/Necr       0%         N/A       100%        6


Dungeon Overview and Level Annotations

Branches:
Dungeon (8/15)             Temple (1/1) D:6          Bailey (1/1)
   Lair: D:8-11

Altars:
Ashenzari
Cheibriados
Dithmenos
Elyvilon
Fedhas
Gozag
Hepliaklqana
Kikubaaqudgha
Makhleb
Nemelex Xobeh
Okawaru
Qazlal
Ru
Sif Muna
Trog
Uskayaw
Vehumet
Wu Jian
Xom
Yredelemnul
Zin
The Shining One

Shops:
D:3 *   D:4 *   D:6 *

Annotations:
D:7 2 runed translucent doors


Innate Abilities, Weirdness & Mutations

((You are quick and stealthy near water. (Stealth+, EV+, Speed+++)))
Your lower body shifts to a powerful aquatic tail in water.


Message History

The orc warrior misses you.
The tremorstone explodes into fragments!
The burst of rock shards engulfs the orc warrior!
The burst of rock shards engulfs the orc knight.
The burst of rock shards engulfs the orc warrior!
The orc knight hits you from afar with a +0 trident.
The orc warrior misses you. x3
Unknown command.
You closely miss the orc warrior.
The orc warrior is moderately wounded.
The orc knight hits you from afar with a +0 trident.
The orc warrior misses you.
As you read the scroll of teleportation, it crumbles to dust.
You feel strangely unstable.
The orc warrior hits you from afar with a +0 halberd!
* * * LOW HITPOINT WARNING * * *
The orc warrior misses you. The orc knight closely misses you.
The orc warrior completely misses you.
You hit the orc warrior.
Your weapon exudes an aura of protection.
The orc warrior is heavily wounded.
The orc warrior hits you but does no damage.
The orc warrior barely misses you.
You closely miss the orc warrior.
The orc warrior is heavily wounded.
The orc knight hits you but does no damage.
The orc warrior barely misses you.
The orc warrior hits you from afar with a +0 halberd!
* * * LOW HITPOINT WARNING * * *
The orc warrior misses you.
It was a potion of curing.
You feel better.
The orc knight roars a battlecry!
The orc warrior barely misses you. x2
The orc warrior hits you with a +0 halberd!
* * * LOW HITPOINT WARNING * * *
It was a potion of cancellation.
You feel strangely stable.
You feel magically purged. The orc knight barely misses you.
The orc warrior hits you from afar with a +0 trident!
You die...

## ##
##.###########∩## ##
#.o.##.....##...##o.
#).@#..≈≈≈..#...#..≈
#!..#.≈≈o≈≈.......≈≈
#.ooo.≈oo.≈.......≈o
#...#.≈≈o≈≈.......≈≈
#}..#..≈≈≈..#...#..≈
#$..##.o...##.∩.#
##.###########∩## ##
###


You could see an orc knight and 4 orc warriors.

Vanquished Creatures
  A hydra (D:6)
  2 cyclopes (D:7)
  A troll (D:7)
  Grinder (D:6)
  2 steam dragons
  A water moccasin (D:7)
  Duvessa (D:6)
  2 sky beasts (D:7)
  4 orc warriors
  A necrophage (D:7)
  2 ogres
  A centaur (D:7)
  A phantom (D:6)
  3 kobold brigands
  A scorpion (D:5)
  Dowan (D:6)
  A water moccasin zombie (D:5)
  6 wights
  A howler monkey (D:7)
  A centaur zombie (D:6)
  A hound (D:3)
  3 orc priests
  A centaur skeleton (D:6)
  2 iguanas
  3 orc wizards
  A howler monkey zombie (D:5)
  A howler monkey skeleton (D:4)
  6 adders
  A white imp (D:6)
  An ufetubus (D:5)
  An adder zombie (D:5)
  4 worms
  2 dart slugs
  15 orcs
  3 ball pythons
  7 endoplasms
  4 giant cockroaches (D:1)
  8 goblins
  3 hobgoblins
  3 jackals
  18 kobolds
  2 quokkas
  5 bats
  6 frilled lizards
  5 rats
140 creatures vanquished.

Notes
Turn   | Place    | Note
-------+----------+-------------------------------------------
     0 | D:1      | Majang the Merfolk Gladiator began the quest for the Orb.
     0 | D:1      | Reached XP level 1. HP: 16/16 MP: 1/1
   169 | D:1      | Reached XP level 2. HP: 13/23 MP: 2/2
   792 | D:1      | Reached XP level 3. HP: 28/28 MP: 3/3
   873 | D:1      | Reached skill level 5 in Polearms
  1623 | D:2      | Reached XP level 4. HP: 30/34 MP: 4/4
  2198 | D:2      | Reached skill level 1 in Armour
  2210 | D:2      | Found a faded altar of an unknown god.
  2569 | D:3      | Reached XP level 5. HP: 38/40 MP: 5/5
  2679 | D:3      | Noticed an ogre
  2682 | D:3      | Killed an ogre
  2683 | D:3      | Reached skill level 6 in Polearms
  2785 | D:3      | Found Qeshrif's General Store.
  3182 | D:3      | Reached XP level 6. HP: 44/47 MP: 6/6
  3284 | D:4      | Reached skill level 5 in Dodging
  3297 | D:4      | Identified a scroll of acquirement
  3297 | D:4      | Acquired the amulet "Kinaik" {Regen+ Str+5 Dex+4}
  3478 | D:4      | Reached skill level 7 in Polearms
  3593 | D:4      | Found a sacrificial altar of Ru.
  3699 | D:4      | Found Qoblaz's General Store.
  3704 | D:4      | Bought 7 boomerangs for 49 gold pieces
  3764 | D:5      | Entered Level 5 of the Dungeon
  4214 | D:5      | Reached XP level 7. HP: 47/53 MP: 7/7
  4378 | D:5      | Found a shadowy altar of Dithmenos.
  4688 | D:6      | Noticed Grinder
  4704 | D:6      | Killed Grinder
  4705 | D:6      | Reached skill level 8 in Polearms
  4713 | D:6      | Found a bloodstained altar of Trog.
  4714 | D:6      | Found an iron altar of Okawaru.
  4792 | D:6      | Reached XP level 8. HP: 42/61 MP: 8/8
  4822 | D:6      | Noticed Duvessa
  4822 | D:6      | Noticed Dowan
  4833 | D:6      | Killed Duvessa
  4844 | D:6      | Killed Dowan
  4845 | D:6      | Reached skill level 9 in Polearms
  4975 | D:6      | Found a staircase to the Ecumenical Temple.
  4984 | Temple   | Entered the Ecumenical Temple
  5255 | D:6      | Found Viwoez's Assorted Antiques.
  5307 | D:6      | Became a worshipper of Warmaster Okawaru
  5669 | D:6      | Noticed a seven-headed hydra
  5694 | D:6      | Killed a seven-headed hydra
  5694 | D:6      | Reached * piety under Okawaru
  5695 | D:6      | Reached skill level 5 in Fighting
  5695 | D:6      | Reached skill level 10 in Polearms
  5695 | D:6      | Reached skill level 5 in Throwing
  5695 | D:6      | Reached XP level 9. HP: 26/68 MP: 8/10
  6014 | D:7      | Reached ** piety under Okawaru
  6183 | D:7      | Found a stormy altar of Qazlal.
  6193 | D:7      | Reached skill level 11 in Polearms
  6204 | D:7      | Found a shimmering altar of Xom.
  6215 | D:7      | Found a sparkling altar of Nemelex Xobeh.
  6255 | D:7      | Found a large runed translucent door.
  6255 | D:7      | Found a large runed translucent door.
  6257 | D:7      | Found a large runed translucent door.
  6257 | D:7      | Found a large runed translucent door.
  6259 | D:7      | Noticed a cyclops
  6259 | D:7      | Noticed a troll
  6337 | D:7      | Noticed a cyclops
  6357 | D:7      | Killed a cyclops
  6357 | D:7      | Reached *** piety under Okawaru
  6358 | D:7      | Reached XP level 10. HP: 19/76 MP: 10/12
  6711 | D:7      | Reached skill level 12 in Polearms
  6713 | D:7      | Killed a cyclops
  6713 | D:7      | Reached **** piety under Okawaru
  6873 | D:8      | Found a flagged portal.
  6883 | Bailey   | Entered a bailey
  6884 | Bailey   | Noticed an orc knight
  6884 | Bailey   | Noticed an orc knight
  6894 | Bailey   | Noticed an orc knight
  6908 | Bailey   | Mangled by an orc warrior

Illustrated notes

Levels and vault maps discovered:
D:1:      mrwooster_arrival_statue, layout_basic, moated_statue
D:2:      minmay_skewed_foursquare, layout_basic,
          dilly_ecumenical_altar_fadedgnrine
D:3:      layout_basic, serial_shops, nicolae_shop_crystal, st_stairs_9
D:4:      layout_cave_pools, kennysheep_mini_moat, serial_shops,
          nicolae_shop_waterfront
D:5:      layout_gridville, grunt_dithmenos_smoke
D:6:      layout_basic, grunt_temple_overflow_bloody_war, temple_pool_b,
          serial_shops, nicolae_take_the_stairs, minmay_three_doors,
          uniq_duvessa, uniq_grinder
D:7:      layout_loops_ring, grunt_temple_overflow_open,
          minmay_hollow_rounded_squares
D:8:      argonaut_augean_stables, layout_basic, enter_bailey_2, minmay_holes
Temple:   regret_index_temple_generic_petals
Bailey:   bailey_polearm_4, bailey

Skill      XL: |  1  2  3  4  5  6  7  8  9 10 |
---------------+-------------------------------+-----
Polearms       | 5 6 7 8 10 11 12 | 12.2
Armour         | 1 2 3 4 |  4.2
Fighting       | 3 4 5 6 |  6.6
Throwing       | 3 4 5 6 |  6.0
Dodging        | 5 6 7 8 |  8.5
Invocations    | 2 3 4 |  4.3

Action                   |  1- 3 |  4- 6 |  7- 9 | 10-12 || total
-------------------------+-------+-------+-------+-------++-------
Melee: Trident           |   107 |   170 |   213 |    50 ||   540
       Punch             |       |       |     1 |     1 ||     2
       Halberd           |       |       |       |     7 ||     7
Throw: Javelin           |       |     4 |       |       ||     4
       Boomerang         |       |     2 |    20 |       ||    22
       Dart              |       |     2 |     5 |       ||     7
       Throwing net      |       |       |     2 |       ||     2
Invok: Heroism           |       |       |     3 |     2 ||     5
Evoke: Tin of tremorston |       |       |       |     1 ||     1
  Use: Scroll            |       |     7 |     3 |     7 ||    17
       Potion            |       |       |       |     2 ||     2
 Stab: Sleeping          |     4 |     7 |       |       ||    11
       Distracted        |       |       |     1 |       ||     1
       Held in net/web   |       |       |     1 |       ||     1
Armor: Leather armour    |    18 |     7 |       |       ||    25
       Ring mail         |       |    13 |    10 |       ||    23
       Chain mail        |       |       |    22 |       ||    22
       Plate armour      |       |       |    27 |    26 ||    53
Dodge: Dodged            |    47 |    76 |    84 |    48 ||   255

Table legend: (Time is in decaauts)
 A = Elapsed time spent in this place.
 B = Non-inter-level travel time spent in this place.
 C = Inter-level travel time spent in this place.
 D = Time resting spent in this place.
 E = Time spent auto-exploring this place.
 F = Levels seen in this place.
 G = Mean time per level.
                   A        B        C        D        E       F      G
               +--------+--------+--------+--------+--------+-----+--------+
         Total |   6837 |   6436 |    401 |    776 |   3827 |  10 |  683.7 |
       Dungeon |   6562 |   6215 |    347 |    776 |   3827 |   8 |  820.2 |
        Temple |    254 |    200 |     54 |      0 |      0 |   1 |  254.0 |
        Bailey |     21 |     21 |      0 |      0 |      0 |   1 |   21.0 |
               +--------+--------+--------+--------+--------+-----+--------+

Top non-repeatable levels by time:
     D:1: 1284 daAuts
     D:2: 1129 daAuts
     D:7: 946 daAuts
     D:6: 921 daAuts
     D:3: 901 daAuts
     D:5: 837 daAuts
     D:4: 452 daAuts
  Temple: 254 daAuts
     D:8: 89 daAuts
  Bailey: 21 daAuts
